General information
- name: BNet
- type: Ladder team game (AT/RT)
- host: Battle.net
- saver: Bromeister
map: CopperCanyon
- players: 6
- length: 15:55
- speed: Fast
- version: 1.26 W3XP
- replay type: Public
» download(84 KB)
Players
team 1 (winner)

»
wackytobaky (
orange | 49 APM | 772 actions | 15:48)
3 Archmage
2 Summon Water Elemental
1 Brilliance Aura
2 Mountain King
1 Storm Bolt
1 Thunder Clap
» actions
| Assign group hotkey | 20 | |
| Basic commands | 27 | |
| Build / train | 40 | |
| Enter build submenu | 23 | |
| Enter hero's abilities submenu | 5 | |
| Right click | 285 | |
| Select / deselect | 203 | |
| Select group hotkey | 131 | |
| Use ability | 38 | |
772 total
» units
| Peasant | 9 | |
| Footman | 10 | |
| Rifleman | 8 | |
| Flying Machine | 1 | |
28 total
» upgrades
| Swords | 1 | |
| Gunpowder | 1 | |
| Lumber Harvesting | 1 | |
3 total
» buildings
| Altar of Kings | 3 | |
| Farm | 10 | |
| Barracks | 2 | |
| Scout Tower | 1 | |
| Blacksmith | 2 | |
| Keep | 1 | |
| Workshop | 1 | |
| Lumber Mill | 1 | |
| Arcane Tower | 1 | |
22 total
» build order
00:11 Altar of Kings
00:18 Farm
00:52 Barracks
01:35 Farm
01:44 Barracks
01:59 Farm
02:48 Farm
03:35 Farm
03:55 Scout Tower
04:21 Farm
04:48 Blacksmith
05:46 Farm
06:18 Keep
06:29 Farm
09:03 Workshop
09:15 Farm
09:40 Lumber Mill
11:00 Farm
14:10 Arcane Tower
14:29 Blacksmith
14:35 Altar of Kings
15:32 Altar of Kings
Bromeister (
green | 69 APM | 1103 actions | 15:55)
4 Lich
2 Frost Nova
2 Frost Armor
» actions
| Assign group hotkey | 8 | |
| Build / train | 43 | |
| Enter build submenu | 28 | |
| Enter hero's abilities submenu | 5 | |
| Remove unit from queue | 2 | |
| Right click | 598 | |
| Select / deselect | 174 | |
| Select group hotkey | 180 | |
| Use ability | 65 | |
1103 total
» units
| Acolyte | 10 | |
| Ghoul | 3 | |
| Meatwagon | 2 | |
| Frost Wyrm | 4 | |
19 total
» upgrades
| Creature Attack | 1 | |
| Disease Cloud | 1 | |
2 total
» buildings
| Crypt | 1 | |
| Altar of Darkness | 1 | |
| Ziggurat | 15 | |
| Tomb of Relics | 2 | |
| Graveyard | 1 | |
| Nerubian Tower | 3 | |
| Halls of the Dead | 1 | |
| Spirit Tower | 7 | |
| Slaughterhouse | 1 | |
| Sacrificial Pit | 1 | |
| Black Citadel | 1 | |
| Necropolis | 1 | |
| Boneyard | 5 | |
40 total
» build order
00:16 Crypt
00:21 Altar of Darkness
00:34 Ziggurat
00:51 Tomb of Relics
01:33 Graveyard
02:49 Nerubian Tower
02:52 Halls of the Dead
03:42 Ziggurat
03:43 Ziggurat
03:44 Ziggurat
03:45 Ziggurat
03:53 Ziggurat
04:36 Spirit Tower
04:37 Spirit Tower
04:39 Nerubian Tower
04:44 Spirit Tower
05:12 Ziggurat
05:23 Slaughterhouse
06:04 Sacrificial Pit
06:25 Black Citadel
06:51 Tomb of Relics
07:11 Ziggurat
07:13 Ziggurat
07:23 Necropolis
08:45 Spirit Tower
08:47 Spirit Tower
08:52 Spirit Tower
10:51 Ziggurat
10:52 Ziggurat
10:53 Ziggurat
11:05 Ziggurat
11:10 Ziggurat
11:21 Ziggurat
12:13 Nerubian Tower
12:14 Spirit Tower
12:50 Boneyard
12:51 Boneyard
12:52 Boneyard
13:06 Boneyard
13:08 Boneyard
13:54 Spirit Tower
» items
| Rod of Necromancy | 1 | |
| Sacrificial Skull | 2 | |
3 total

»
iconracer (
red | 35 APM | 548 actions | 15:48)
4 Death Knight
2 Death Coil
2 Unholy Aura
» actions
| Build / train | 37 | |
| ESC pressed | 1 | |
| Enter build submenu | 10 | |
| Enter hero's abilities submenu | 4 | |
| Right click | 328 | |
| Select / deselect | 152 | |
| Use ability | 16 | |
548 total
» units
| Acolyte | 2 | |
| Ghoul | 12 | |
| Crypt Fiend | 10 | |
24 total
» upgrades
| Creature Attack | 2 | |
| Creature Carapace | 2 | |
| Web | 1 | |
5 total
» buildings
| Altar of Darkness | 1 | |
| Crypt | 2 | |
| Ziggurat | 8 | |
| Graveyard | 1 | |
| Halls of the Dead | 1 | |
| Spirit Tower | 1 | |
14 total
» build order
00:15 Altar of Darkness
00:19 Crypt
00:23 Ziggurat
01:05 Ziggurat
01:38 Crypt
03:05 Ziggurat
03:54 Graveyard
04:36 Ziggurat
10:26 Halls of the Dead
11:10 Spirit Tower
12:27 Ziggurat
12:29 Ziggurat
12:29 Ziggurat
12:30 Ziggurat
» items
team 2 (loser)

»
jdm_accordsir (
teal | 53 APM | 832 actions | 15:42)
4 Death Knight
2 Death Coil
2 Unholy Aura
» actions
| Basic commands | 18 | |
| Build / train | 23 | |
| ESC pressed | 8 | |
| Enter build submenu | 11 | |
| Enter hero's abilities submenu | 4 | |
| Right click | 570 | |
| Select / deselect | 154 | |
| Use ability | 44 | |
832 total
» units
| Acolyte | 3 | |
| Ghoul | 2 | |
| Crypt Fiend | 6 | |
11 total
» buildings
| Altar of Darkness | 1 | |
| Ziggurat | 5 | |
| Crypt | 1 | |
| Graveyard | 1 | |
| Tomb of Relics | 1 | |
| Nerubian Tower | 3 | |
| Spirit Tower | 1 | |
13 total
» build order
00:12 Altar of Darkness
00:15 Ziggurat
00:37 Crypt
01:00 Graveyard
01:21 Ziggurat
01:33 Tomb of Relics
01:55 Nerubian Tower
04:46 Ziggurat
05:44 Ziggurat
05:46 Ziggurat
06:37 Spirit Tower
06:38 Nerubian Tower
» items
| Rod of Necromancy | 1 | |
| Sacrificial Skull | 1 | |
2 total

»
CandyInTheVAN (
yellow | 33 APM | 520 actions | 15:39)
3 Death Knight
1 Death Coil
2 Unholy Aura
2 Lich
1 Frost Nova
1 Frost Armor
» actions
| Assign group hotkey | 21 | |
| Build / train | 39 | |
| ESC pressed | 3 | |
| Enter build submenu | 18 | |
| Enter hero's abilities submenu | 5 | |
| Remove unit from queue | 1 | |
| Right click | 168 | |
| Select / deselect | 122 | |
| Select group hotkey | 96 | |
| Use ability | 47 | |
520 total
» units
| Acolyte | 2 | |
| Ghoul | 5 | |
| Crypt Fiend | 2 | |
| Obsidian Statue | 1 | |
| Meatwagon | 6 | |
| Necromancer | 6 | |
22 total
» upgrades
| Necromancer Training | 2 | |
| Exhume Corpses | 1 | |
| Skeletal Longevity | 0 | |
| Skeletal Mastery | 1 | |
4 total
» buildings
| Ziggurat | 5 | |
| Crypt | 1 | |
| Altar of Darkness | 1 | |
| Graveyard | 1 | |
| Nerubian Tower | 1 | |
| Halls of the Dead | 1 | |
| Black Citadel | 1 | |
| Sacrificial Pit | 1 | |
| Tomb of Relics | 1 | |
| Slaughterhouse | 2 | |
| Temple of the Damned | 2 | |
17 total
» build order
00:11 Ziggurat
00:20 Crypt
00:50 Altar of Darkness
01:03 Graveyard
01:21 Ziggurat
02:13 Nerubian Tower
03:00 Halls of the Dead
03:21 Ziggurat
07:27 Black Citadel
08:05 Sacrificial Pit
08:17 Tomb of Relics
08:19 Ziggurat
08:21 Ziggurat
08:26 Slaughterhouse
08:30 Slaughterhouse
09:24 Temple of the Damned
09:37 Temple of the Damned
» items
| Rod of Necromancy | 1 | |
| Scroll of Healing | 1 | |
2 total
pantywaster (
pink | 57 APM | 899 actions | 15:47)
2 Tauren Chieftain
1 Shockwave
1 Endurance Aura
2 Shadow Hunter
1 Serpent Ward
1 Hex
» actions
| Assign group hotkey | 19 | |
| Build / train | 47 | |
| Enter build submenu | 16 | |
| Enter hero's abilities submenu | 4 | |
| Remove unit from queue | 2 | |
| Right click | 309 | |
| Select / deselect | 181 | |
| Select group hotkey | 279 | |
| Use ability | 42 | |
899 total
» units
| Peon | 8 | |
| Grunt | 12 | |
| Demolisher | 4 | |
| Shaman | 1 | |
| Wind Rider | 4 | |
29 total
» upgrades
| Shaman Training | 1 | |
| Berserker Strength | 1 | |
| Melee Weapons | 1 | |
| Ranged Weapons | 1 | |
| Armor | 1 | |
5 total
» buildings
| Orc Burrow | 6 | |
| Altar of Storms | 1 | |
| Barracks | 2 | |
| War Mill | 1 | |
| Voodoo Lounge | 1 | |
| Watch Tower | 2 | |
| Stronghold | 1 | |
| Spirit Lodge | 2 | |
| Beastiary | 1 | |
| Fortress | 1 | |
18 total
» build order
00:06 Orc Burrow
00:09 Altar of Storms
00:53 Orc Burrow
01:33 Barracks
01:54 War Mill
02:41 Orc Burrow
02:52 Voodoo Lounge
03:09 Watch Tower
03:18 Watch Tower
04:12 Stronghold
06:37 Spirit Lodge
06:51 Spirit Lodge
06:54 Orc Burrow
07:30 Barracks
08:17 Beastiary
09:52 Orc Burrow
11:03 Orc Burrow
13:18 Fortress
» items
| Healing Salve | 1 | |
| Lesser Clarity Potion | 1 | |
| Scroll of Town Portal | 1 | |
3 total
Chat log
(00:07 / Allies) Bromeister: mass rush
(00:11 / Allies) Bromeister: MASS RUSH 2 RAX T1
(00:25 / Allies) Bromeister: PLZ K?
(00:27 / Allies) iconracer: k
(00:37 / Allies) Bromeister: I THANK YOU
(01:08 / Allies) Bromeister: ITS CALLED
(01:15 / Allies) Bromeister: LICH'S RAPE BASE COMPANY
(02:01 / Allies) Bromeister: SO BASICALLY
(02:04 / Allies) Bromeister: IM GONA BUILD
(02:20 / Allies) Bromeister: RAPE STRATEGY
(02:26 / Allies) Bromeister: WOOD AND GOLD PLZ
(02:29 / Allies) wackytobaky: sounds fail
(02:30 / Allies) Bromeister: PLZ DONATE I WILL REPAY YOU
(02:35 / Allies) wackytobaky: 90% chance of loss
(02:41 / Allies) Bromeister: I AM 5-0
(03:12 / Allies) Bromeister: DONT BE NEGATIVE BRO
(03:28 / Allies) Bromeister: WARM UP GAME
(03:29 / Allies) Bromeister: FOR ME
(03:49 / Allies) Bromeister: GOLD
(03:54 / Allies) Bromeister: WE HIDE HERE
(03:56 / Allies) Bromeister: DONT GET SEEN
(04:12 / Allies) Bromeister: JUST STATION UP HERE
(04:16 / Allies) Bromeister: DONT EVEN CREEP JACK
(04:27 / Allies) Bromeister: I GET INSTANTLY MEAT WAGONS
(04:30 / Allies) Bromeister: DONT WORRY ABOUT SIEGE
(04:33 / Allies) Bromeister: AND MASS FROSTIES
(04:48 / Allies) Bromeister: GOLD
(04:55 / Allies) wackytobaky: i thought this was a rush
(05:01 / Allies) Bromeister: NOW
(05:36 / Allies) Bromeister: lolo
(05:47 / Allies) Bromeister: KEEP SENDIGN
(06:52 / Allies) Bromeister: SHOP
(06:56 / Allies) Bromeister: JUST SAYING
(06:57 / Allies) wackytobaky: towers iun back
(07:25 / Allies) Bromeister: MAIN HALL
(07:28 / Allies) Bromeister: MINE LOL
(07:44 / Allies) Bromeister: GET DK
(09:21 / Allies) Bromeister: WOOD
(09:22 / Allies) iconracer: zigs
(09:29 / Allies) Bromeister: WOOD ME
(09:42 / Allies) Bromeister: I WILL GIVE U HELLA GOLD
(09:44 / Allies) Bromeister: I HAVE 3 MINES
(09:46 / Allies) Bromeister: LOL NO UPKEEP
(09:49 / Allies) iconracer: no wood
(09:56 / Allies) Bromeister: WAIT
(09:58 / Allies) Bromeister: STALL
(09:59 / Allies) Bromeister: GUYS
(10:02 / Allies) Bromeister: LETS HAVE A FUN GAME
(10:04 / Allies) Bromeister: LOL
(10:06 / Allies) Bromeister: BUILD 100/100
(10:29 / Allies) wackytobaky: no meele
(10:38 / Allies) iconracer: need aa
(10:42 / Allies) Bromeister: GET WEB
(10:45 / Allies) Bromeister: lol wtf are u doing
(11:44 / Allies) Bromeister: wtf
(12:04 / All) Bromeister: lawl
(12:55 / Allies) Bromeister: wood me
(13:22 / Allies) Bromeister: get the hero
(13:27 / Allies) Bromeister: u guys suck at micro
(13:44 / Allies) Bromeister: god
(13:45 / Allies) Bromeister: u guys are so bad
(13:48 / Allies) Bromeister: at micro and shit
(13:55 / Allies) iconracer: fucking help
(13:59 / Allies) Bromeister: then share fucking units
(14:03 / Allies) Bromeister: u lost that fucking rhasta kill u tard
(14:06 / Allies) Bromeister: are u retardd
(14:16 / Allies) Bromeister: its okay
(14:20 / Allies) Bromeister: just defend
(14:25 / Allies) Bromeister: wood
(14:28 / Allies) Bromeister: now ood
(14:33 / Allies) Bromeister: red
(14:34 / Allies) Bromeister: give me all ur gold
(14:36 / Allies) Bromeister: and wood
(14:37 / Allies) Bromeister: wood
(14:41 / Allies) Bromeister: wif u wanna win
(14:44 / Allies) Bromeister: more
(14:49 / Allies) Bromeister: i need more to save the base u fucing retard
(15:07 / Allies) Bromeister: save
(15:07 / Allies) iconracer: stop being a fucking asshole or ill make sure we lose
(15:10 / Allies) Bromeister: stfu
(15:11 / Allies) Bromeister: go tp
(15:41 / All) Bromeister: lol
(15:45 / All) pantywaster: FUCK NEWBS